Map: Infernoteiche

Players

ChefChaudard

  • Race: Terran Terran
  • League: Grandmaster

Wizzle - Winner!

  • Race: Zerg Zerg
  • League: Grandmaster

VOD

Have the link to the VOD?

Description

Time

  • Played on: July 4, 2015, 11:35 a.m.
  • Length: 7:10
Show
View Real Time Build Order
Export as new Build Order

ChefChaudard Terran 

Build Orders: Reaper Expand 

Get SALT Encoding   

  12  0:01  SCV  
  13  0:13  SCV  
  14  0:18  Supply Depot  
  14  0:25  SCV  
  15  0:40  SCV  
  15  0:41  Barracks  
  16  0:46  Refinery  
  16  0:52  SCV  
  17  1:04  SCV  
  18  1:16  SCV  
  19  1:29  Orbital Command  
  19  1:30  Reaper  
  20  1:44  Command Center  
  20  1:52  Supply Depot  
  20  1:55  SCV  
  21  2:07  Barracks  
  21  2:09  Reaper  
  22  2:19  SCV  
  23  2:28  Factory, Refinery  
  23  2:36  SCV  
  24  2:48  SCV  
  25  2:56  Orbital Command  
  25  2:59  Barracks Reactor  
  25  3:00  SCV, Barracks Tech Lab  
  26  3:07  Barracks  
  26  3:13  SCV  
  26  3:15  Hellion  
  26  3:19  Refinery  
  29  3:25  SCV  
  30  3:40  Marine  
  29  3:45  Hellion  
  29  3:46  Hellion  
  33  3:52  SCV x2  
  35  3:55  Marine x2  
  35  3:58  Marine  
  38  4:07  Hellion x2  
  38  4:08  Starport  
  42  4:14  Barracks Reactor  
  42  4:17  Engineering Bay  
  42  4:19  SCV  
  42  4:22  SCV  
  44  4:35  SCV x2  
  44  4:37  Refinery  
  46  4:47  SCV x2, Hellion x2, Supply Depot, Marine x2  
  46  4:48  Supply Depot  
  46  4:52  Terran Infantry Weapons Level 1  
  54  5:09  SCV x2  
  56  5:14  Command Center  
  56  5:21  Barracks Tech Lab  
  56  5:24  Hellion x2  
  56  5:28  Barracks Reactor, Marine  
  61  5:52  Widow Mine x2  
  61  5:54  Medivac x2  
  69  6:02  Bunker  
  69  6:22  Marine  
  69  6:25  Marine  
  70  6:26  Marauder x2  
  70  6:28  Supply Depot  
  70  6:29  Supply Depot  
  70  6:30  Supply Depot  
  70  6:31  Widow Mine x2  
  70  6:32  Medivac x2  
  83  6:36  SCV x2, Engineering Bay  
  83  6:37  Armory  
  85  6:50  SCV x2  
Show
View Real Time Build Order
Export as new Build Order

Wizzle Zerg - Winner!

Build Orders: Hatch First 

Get SALT Encoding   

  12  0:01  Drone  
  13  0:12  Drone  
  14  0:19  Extractor  
  14  0:20  Drone  
  15  0:41  Hatchery  
  14  0:46  Overlord  
  14  0:53  Drone, Extractor  
  14  1:04  Drone x2  
  16  1:16  Spawning Pool  
  15  1:22  Drone  
  15  1:23  Drone  
  17  1:29  Drone  
  18  1:40  Drone  
  19  1:53  Drone  
  20  1:56  Drone  
  21  2:03  Queen x2  
  21  2:06  Metabolic Boost  
  25  2:13  Zergling x2  
  26  2:15  Overlord  
  26  2:21  Drone  
  27  2:23  Drone  
  28  2:37  Zergling x4  
  30  2:50  Overlord  
  29  2:51  Drone x3  
  32  3:04  Drone, Overlord  
  33  3:07  Queen, Extractor  
  33  3:08  Extractor  
  33  3:19  Drone x2  
  39  3:20  Drone x8  
  42  3:46  Drone  
  42  3:47  Drone x3  
  47  3:55  Drone  
  47  3:56  Drone x4  
  47  3:58  Lair  
  51  4:09  Hatchery  
  50  4:17  Roach Warren  
  50  4:20  Evolution Chamber  
  50  4:22  Evolution Chamber  
  47  4:24  Extractor  
  47  4:26  Drone x3  
  47  4:28  Overlord x2  
  49  4:39  Drone x2  
  49  4:40  Drone  
  52  4:46  Zergling x12  
  52  4:52  Zerg Missile Weapons Level 1, Zerg Ground Armor Level 1  
  58  4:57  Glial Reconstitution  
  58  5:08  Overlord x2  
  58  5:10  Roach x4  
  66  5:19  Overlord x2  
  66  5:27  Roach x4  
  73  5:35  Roach x3  
  73  5:53  Roach  
  73  5:54  Roach x7  
  89  6:05  Roach x4  
  97  6:16  Drone x4  
  97  6:18  Overlord x2  
  101  6:25  Roach  
  103  6:26  Roach  
  105  6:34  Ravager  
  105  6:36  Ravager x2  
  105  6:37  Ravager  
  105  6:39  Ravager x3  
Tags
 
Add a new tag
Caveats
  • Supply blocks, unpowered buildings, or Contaminate may cause inaccurate times.
  • Supply counts are checked every 10 seconds.